 Seeded DCSS version 0.29-a0-1047-g7c58e119a4 (webtiles) character file.

Game seed: 20220816 (custom seed)

60 flotson the Sneak (level 3, -4/29 HPs)
             Began as a Demonspawn Delver on Aug 16, 2022.
             Slain by a hobgoblin
             ... wielding a +0 whip
              (8 damage)
             ... on level 3 of the Dungeon.
             The game lasted 00:01:52 (528 turns).

flotson the Sneak (Demonspawn Delver)                Turns: 528, Time: 00:01:52

Health: -4/29      AC:  5    Str: 14      XL:     3   Next: 80%
Magic:  3/3        EV: 12    Int: 10 (11) God:
Gold:   45         SH:  0    Dex: 12 (14) Spells: 2/2 levels left

rFire   . . .      SeeInvis .   a - +0 hand axe
rCold   . . .      Faith    .   (no shield)
rNeg    + . .      Spirit   .   b - +0 leather armour
rPois   .          Reflect  .   (no helmet)
rElec   .          Harm     .   (no cloak)
rCorr   .          Rampage  .   (no gloves)
Will    .....                   (no boots)
Stlth   ++........              (no amulet)
HPRegen 0.09/turn               e - ring of positive energy
MPRegen 0.08/turn               (no ring)

@: no status effects
A: thin metallic scales 1
a: no special abilities


You were on level 3 of the Dungeon.
You visited 1 branch of the dungeon, and saw 3 of its levels.

You collected 45 gold pieces.

Inventory:

Hand Weapons
 a - a +0 hand axe (weapon)
Armour
 b - a +0 leather armour (worn)
Jewellery
 e - a ring of positive energy (left hand)
Wands
 g - a wand of digging (2)
Scrolls
 c - a scroll of fog
 d - a scroll of identify {unknown}
 f - a scroll of teleportation {unknown}
 h - a scroll of fear


   Skills:
 + Level 3.4 Fighting
 + Level 2.3 Axes
 + Level 1.2 Armour
 + Level 2.2 Dodging
 - Level 4.5 Stealth
 + Level 1.2 Evocations


You had 2 spell levels left.
You didn't know any spells.
Your spell library was empty.

Dungeon Overview and Level Annotations

Branches:
Dungeon (5/15)
 Temple: D:4-7

Altars:

Shops:
D:5 =[

Annotations:
D:5 Pikel


Innate Abilities, Weirdness & Mutations

You are partially covered in thin metallic scales. (AC +2)


Message History

Natasha howls an incantation.
Natasha shimmers violently.
Natasha closely misses you.
You slash Natasha!
Natasha is severely wounded.
Natasha casts a spell.
Natasha claws you but does no damage.
The shadow imp picks up a beetle and eats it.
You hit Natasha.
You kill Natasha!
Natasha screams in pain as she dies!
The shadow imp disappears in a puff of smoke!
The iron imp disappears in a puff of smoke!
You feel your strength returning.
h - a scroll of fear You feel yourself speed up.
You feel a little less mighty now.
A hobgoblin comes into view. It is wielding a +0 whip.
A hobgoblin is nearby!
You closely miss the hobgoblin.
The hobgoblin shouts!
The hobgoblin hits you with a +0 whip.
You hit the hobgoblin but do no damage.
The hobgoblin drinks a potion.
The hobgoblin goes berserk!
You barely miss the hobgoblin.
The hobgoblin hits you with a +0 whip. x2
You are too injured to fight recklessly!
You are too injured to fight recklessly!
You are too injured to fight recklessly!
You are too injured to fight recklessly!
You are too injured to fight recklessly!
You are too injured to fight recklessly!
You are too injured to fight recklessly!
You barely miss the hobgoblin. The hobgoblin hits you with a +0 whip!
* * * LOW HITPOINT WARNING * * *
The hobgoblin hits you but does no damage.
You can't see any enemies this would affect, really read the scroll of fear?
Okay, then.
You hit the hobgoblin but do no damage. The hobgoblin barely misses you.
The hobgoblin hits you with a +0 whip!
You die...

.# .# #############.#
#.# #.........$...# .#
.....###@# ## ##.####
.......g###.# #.....#
#
.....###.#.#####.#.#.#
# #.. ##............#
# # ######..~~~..# #
##.g_~.## # #.~~~.# #
#.....#####
#.##.###...


You could see a hobgoblin (berserk).

Vanquished Creatures
  A hound (D:5)
  Natasha (D:3)
  3 endoplasms
  A goblin (D:4)
  A rat (D:3)
7 creatures vanquished.

Notes
Turn   | Place    | Note
-------+----------+-------------------------------------------
     0 | D:5      | flotson the Demonspawn Delver began the quest for the Orb.
     0 | D:5      | Reached XP level 1. HP: 18/18 MP: 1/1
    39 | D:5      | Found Ucoturch's Armour Shop.
    51 | D:5      | Noticed a hound
    63 | D:5      | Killed a hound
    64 | D:5      | Reached skill level 1 in Evocations
    64 | D:5      | Gained mutation: You are partially covered in thin metallic
                  | scales. (AC +2) [demonic ancestry]
    64 | D:5      | Reached XP level 2. HP: 20/24 MP: 2/2
    64 | D:5      | Found Ycur's Jewellery Shoppe.
    72 | D:5      | Noticed a lemure
    74 | D:5      | Noticed a lemure
    74 | D:5      | Noticed a lemure
    75 | D:5      | Noticed Pikel
    77 | D:5      | Noticed a lemure
    98 | D:4      | Noticed a scorpion
    99 | D:4      | Reached XP level 3. HP: 27/29 MP: 3/3
   126 | D:4      | Noticed a kobold brigand
   242 | D:3      | Found a faded altar of an unknown god.
   271 | D:3      | Noticed Natasha
   277 | D:3      | Reached skill level 1 in Armour
   282 | D:3      | Killed Natasha
   528 | D:3      | Slain by a hobgoblin

Illustrated notes

Levels and vault maps discovered:
D:3:      layout_loops_ring, hellmonk_ecumenical_altar_pennies_from_heaven,
          uniq_natasha
D:4:      layout_basic, uniq_blork_the_orc
D:5:      layout_layer_cave, serial_shops, nicolae_diamond_shop, shop,
          nicolae_diamond_shop, shop, shop_statue, uniq_edmund, uniq_pikel,
          uniq_menkaure, uniq_grinder

Skill      XL: |  1  2  3 |
---------------+----------+-----
Axes           | 2 |  2.3
Dodging        | 2 |  2.2
Evocations     | 1 |  1.2
Armour         | 1 |  1.2
Fighting       | |  3.4
Stealth        | |  4.5

Action                   || total
-------------------------++-------
Melee: Hand axe          ||    29
       Punch             ||     1
Evoke: Wand              ||     1
  Use: Potion            ||     3
       Scroll            ||     2
Armor: Leather armour    ||    12
Dodge: Dodged            ||    16

Table legend: (Time is in decaauts)
 A = Elapsed time spent in this place.
 B = Non-inter-level travel time spent in this place.
 C = Inter-level travel time spent in this place.
 D = Time resting spent in this place.
 E = Time spent auto-exploring this place.
 F = Levels seen in this place.
 G = Mean time per level.
                   A        B        C        D        E       F      G
               +--------+--------+--------+--------+--------+-----+--------+
         Total |    525 |    525 |      0 |      0 |    396 |   3 |  175.0 |
       Dungeon |    525 |    525 |      0 |      0 |    396 |   3 |  175.0 |
               +--------+--------+--------+--------+--------+-----+--------+

Top non-repeatable levels by time:
     D:3: 404 daAuts
     D:5: 72 daAuts
     D:4: 49 daAuts
